AoeStats
← Kaiser Ze

Arabia

508877709Analyzed
1v1 RM · 9d ago on Sep 24, 2026· 15m 57s· 2 players
Game mode
Random Map
Map size
Tiny (2 player)
Population
200
Speed
Normal
Resources
Standard
Victory
Conquest
Starting age
Dark Age
Ending age
Imperial Age
RankedLock teamsTeams togetherTeam positionsShared explorationLock speedFull tech treeHidden civsTurbo modeCheats
Victory
Defeat
🇲🇽 Varangians · Mexico
1331
+16
🇨🇳 Saxons · China
1334
-16
Hoanga
7:44 Loom
9:53 Feudal Age
13:58 Castle Age
11:55 Double-Bit Axe
15:20 Horse Collar
Kaiser Ze
6:34 Loom
9:32 Feudal Age
10:19 Man-at-Arms
13:17 Wheelbarrow
Connection lost

Rejoining the realm…

Still unreachable

The connection could not be restored.

Session expired

The server has moved on; the page needs a fresh start.